Match 34642499
Unlisted

Match 34642499
End
Construct Barracks
Selects Armored Battlegroup
Selects Veteran Crews
1⁄4-ton 4x4 Truck
Riflemen Squad
Riflemen Squad
Engineer Squad
Mechanized Support Center
Construct Weapon Support Center
M3 75 mm Gun Motor Carriage
M1919 Machine Gun Team
M3 75 mm Gun Motor Carriage
M1919 Machine Gun Team
Scout Squad
M3 75 mm Gun Motor Carriage
Selects M31 Recovery Vehicle
Selects Field Repairs
Selects M31 Recovery Vehicle
M16 Multiple Gun Motor Carriage
M31 Recovery Vehicle
Selects War Machine
Selects Strength in Steel
M3 75 mm Gun Motor Carriage
M3 75 mm Gun Motor Carriage
M3 75 mm Gun Motor Carriage
Selects Seek and Destroy
Seek and Destroy
M3 75 mm Gun Motor Carriage
Selects UNKNOWN (2160077)
M3 75 mm Gun Motor Carriage
M3 75 mm Gun Motor Carriage
Riflemen Squad
Designate Forward Repair Station
M3 75 mm Gun Motor Carriage
1⁄4-ton 4x4 Truck
M3 75 mm Gun Motor Carriage
M3 75 mm Gun Motor Carriage
M3 75 mm Gun Motor Carriage
M16 Multiple Gun Motor Carriage
M16 Multiple Gun Motor Carriage
Designate Forward Repair Station
Rapid Repairs
M16 Multiple Gun Motor Carriage
Designate Forward Repair Station
M16 Multiple Gun Motor Carriage
Seek and Destroy
Riflemen Squad
Riflemen Squad
1⁄4-ton 4x4 Truck
Engineer Squad
Designate Forward Repair Station
M3 75 mm Gun Motor Carriage
M3 75 mm Gun Motor Carriage
Designate Forward Repair Station
Seek and Destroy
Construct Tank Depot
M4A3E8 Sherman Easy Eight
Riflemen Squad
M4A3E8 Sherman Easy Eight
Dahlian
Turtleboy
Jackson
Mace
Sir CrashXII
⎛⎝AmosVII⎠⎞🐾
Prometheus
dauniy
0
0

Comments sign in to comment!

No comments posted yet!